AoeStats
← Kaiser Ze

Arabian Desert

509325052Analyzed
1v1 RM · 6d ago on Sep 26, 2026· 22m 21s· 2 players
Game mode
Random Map
Map size
Tiny (2 player)
Population
200
Speed
Normal
Resources
Standard
Victory
Conquest
Starting age
Dark Age
Ending age
Imperial Age
RankedLock teamsTeams togetherTeam positionsShared explorationLock speedFull tech treeHidden civsTurbo modeCheats
Victory
Defeat
🇨🇳 Persians · China
1208
+18
🇹🇷 Persians · Türkiye
1244
-18
Kaiser Ze
7:31 Loom
10:04 Feudal Age
11:25 Double-Bit Axe
12:33 Wheelbarrow
20:25 Castle Age
18:53 Gold Mining
19:27 Bloodlines
19:51 Fletching
20:02 Padded Archer Armor
20:06 Horse Collar
20:54 Husbandry
21:04 Bodkin Arrow
aimLess bro
0:25 Loom
13:11 Feudal Age
21:48 Castle Age
20:04 Double-Bit Axe
20:32 Stone Mining
20:23 Horse Collar
21:01 Scale Mail Armor
21:54 Forging
Connection lost

Rejoining the realm…

Still unreachable

The connection could not be restored.

Session expired

The server has moved on; the page needs a fresh start.